MID
LAKE COUNTY CAPTAINS @ HICKORY CRAWDADS
08/22/2048
 
TOP OF THE 1ST
Lake County Captains batting - Pitching for Hickory Crawdads : LHP Mike Tracy
Pitching: LHP Mike Tracy
Batting: RHB Kenzo Shinoda 0-0: Ball
1-0: Ball
2-0: Foul Ball, location: 2F
2-1: Ground out 5-3 (Groundball, 56, EV 81.9 MPH)
Batting: RHB Josh Patterson 0-0: Ground out 6-3 (Groundball, 6, EV 101.2 MPH)
Batting: RHB Danny Anderson 0-0: Hit by Pitch
Batting: SHB Justin Veatch 0-0: Called Strike
0-1: Ball
1-1: Swinging Strike
1-2: Fielders Choice at 2nd, U6 (Groundball, 6M, EV 83.1 MPH)
Top of the 1st over - 0 runs, 0 hits, 0 errors, 1 left on base; Lake County 0 - Hickory 0
BOTTOM OF THE 1ST
Hickory Crawdads batting - Pitching for Lake County Captains : LHP Tim Fried
Pitching: LHP Tim Fried
Batting: RHB Aaron Moore 0-0: Ball
1-0: Ball
2-0: Foul Ball, location: 2F
2-1: Called Strike
2-2: Ground out 6-3 (Groundball, 6, EV 83.1 MPH)
Batting: RHB Ron Corn 0-0: Ball
1-0: Foul Ball, location: 2F
1-1: Called Strike
1-2: Ground out U3 (Groundball, 34, EV 101.2 MPH)
Batting: RHB Andrew Clarke 0-0: SINGLE (Line Drive, 9S, EV 105.6 MPH)
Batting: RHB Jarrod Joyce 0-0: Foul Ball, location: 2F
0-1: Ball
1-1: Called Strike
1-2: Ball
2-2: Strikes out swinging
Bottom of the 1st over - 0 runs, 1 hit, 0 errors, 1 left on base; Lake County 0 - Hickory 0
TOP OF THE 2ND
Lake County Captains batting - Pitching for Hickory Crawdads : LHP Mike Tracy
Batting: RHB Jose Valtierra 0-0: Ball
1-0: Ball
2-0: Ball
3-0: Base on Balls
Batting: RHB Willie Gonzales 0-0: Ball
1-0: SINGLE (Line Drive, 4MD, EV 99.4 MPH)
Jose Valtierra to second
Batting: RHB Carlos Salazar 0-0: SINGLE (Groundball, 6M, EV 105.0 MPH)
Jose Valtierra to third
Willie Gonzales to second
Runner from 3rd tries for Home, SAFE, throw by CF to home
Batting: LHB Aaron Caron 0-0: Called Strike
0-1: Swinging Strike
0-2: Strikes out looking
Batting: RHB Adam McMillen 0-0: Ball
1-0: Ball
2-0: Swinging Strike
2-1: SINGLE (Line Drive, 7LM, EV 102.5 MPH)
Willie Gonzales to third
Carlos Salazar to second
Batting: RHB Kenzo Shinoda 0-0: Called Strike
0-1: Swinging Strike
0-2: Ball
1-2: Strikes out swinging
Batting: RHB Josh Patterson 0-0: Fly out, F9 (Line Drive, 9LD, EV 100.0 MPH)
Top of the 2nd over - 1 run, 3 hits, 0 errors, 3 left on base; Lake County 1 - Hickory 0
BOTTOM OF THE 2ND
Hickory Crawdads batting - Pitching for Lake County Captains : LHP Tim Fried
Batting: SHB Quido van Erp 0-0: Called Strike
0-1: Ball
1-1: Ground out 6-3 (Groundball, 56, EV 95.6 MPH)
Batting: RHB Dave Brabo 0-0: Ball
1-0: SOLO HOME RUN (Flyball, 9D, EV 96.9 MPH), Distance : 374 ft
Batting: RHB Zach Thomason 0-0: Ball
1-0: Called Strike
1-1: Ball
2-1: SINGLE (Groundball, 56D, EV 95.6 MPH)
Batting: LHB Lee Gerken 0-0: Ball
1-0: Called Strike
1-1: Ball
2-1: Grounds into double play, 4-6-3 (Groundball, 34D, EV 86.9 MPH)
Bottom of the 2nd over - 1 run, 2 hits, 0 errors, 0 left on base; Lake County 1 - Hickory 1
TOP OF THE 3RD
Lake County Captains batting - Pitching for Hickory Crawdads : LHP Mike Tracy
Batting: RHB Danny Anderson 0-0: Ball
1-0: Ball
2-0: Foul Ball, location: 2F
2-1: Ball
3-1: Called Strike
3-2: Foul Ball, location: 2F
3-2: Fly out, F9 (Flyball, 9S, EV 81.2 MPH)
Batting: SHB Justin Veatch 0-0: Called Strike
0-1: Ball
1-1: Foul Ball, location: 2F
1-2: Foul Ball, location: 2F
1-2: Fly out, F6 (Line Drive, 6, EV 61.9 MPH)
Batting: RHB Jose Valtierra 0-0: Called Strike
0-1: Ball
1-1: Fly out, F9 (Flyball, 9, EV 91.9 MPH)
Top of the 3rd over - 0 runs, 0 hits, 0 errors, 0 left on base; Lake County 1 - Hickory 1
BOTTOM OF THE 3RD
Hickory Crawdads batting - Pitching for Lake County Captains : LHP Tim Fried
Batting: RHB Zach Koblinski 0-0: Ball
1-0: Ball
2-0: Called Strike
2-1: Ball
3-1: Called Strike
3-2: Foul Ball, location: 2F
3-2: Fly out, F7 (Flyball, 7D, EV 87.5 MPH)
Batting: RHB Aaron Moore 0-0: Called Strike
0-1: Called Strike
0-2: Ball
1-2: Ball
2-2: TRIPLE (Line Drive, 78XD, EV 111.9 MPH)
Batting: RHB Ron Corn 0-0: Foul Ball, location: 2F
0-1: Ball
1-1: Ball
2-1: Foul Ball, location: 2F
2-2: Foul Ball, location: 2F
2-2: Foul Ball, location: 2F
2-2: SINGLE (Groundball, 6MD, EV 108.1 MPH)
Aaron Moore scores
Batting: RHB Andrew Clarke 0-0: Ball
1-0: Ball
2-0: Ball
3-0: Base on Balls
Ron Corn to second
Batting: RHB Jarrod Joyce 0-0: Called Strike
0-1: Swinging Strike
0-2: Strikes out looking
Batting: SHB Quido van Erp 0-0: Ball
1-0: Ball
2-0: Ball
3-0: Base on Balls
Ron Corn to third
Andrew Clarke to second
Batting: RHB Dave Brabo 0-0: Foul Ball, location: 2F
0-1: SINGLE (Groundball, 13S, EV 69.4 MPH) (infield hit)
Ron Corn scores
Andrew Clarke to third
Quido van Erp to second
Batting: RHB Zach Thomason 0-0: Foul Ball, location: 2F
0-1: Hit by Pitch
Andrew Clarke scores
Quido van Erp to third
Dave Brabo to second
Batting: LHB Lee Gerken 0-0: Ball
1-0: Ball
2-0: Ground out 4-3 (Groundball, 4, EV 88.8 MPH)
Bottom of the 3rd over - 3 runs, 3 hits, 0 errors, 3 left on base; Lake County 1 - Hickory 4
TOP OF THE 4TH
Lake County Captains batting - Pitching for Hickory Crawdads : LHP Mike Tracy
Batting: RHB Willie Gonzales 0-0: Called Strike
0-1: Swinging Strike
0-2: Ball
1-2: Foul Ball, location: 2F
1-2: Ball
2-2: Ground out 6-3 (Groundball, 6M, EV 102.5 MPH)
Batting: RHB Carlos Salazar 0-0: Called Strike
0-1: Swinging Strike
0-2: Strikes out swinging
Batting: LHB Aaron Caron 0-0: Ball
1-0: Ball
2-0: Foul Ball, location: 2F
2-1: Ground out 4-3 (Groundball, 4M, EV 86.9 MPH)
Top of the 4th over - 0 runs, 0 hits, 0 errors, 0 left on base; Lake County 1 - Hickory 4
BOTTOM OF THE 4TH
Hickory Crawdads batting - Pitching for Lake County Captains : LHP Tim Fried
Batting: RHB Zach Koblinski 0-0: Ball
1-0: Called Strike
1-1: Foul Ball, location: 2F
1-2: Foul Ball, location: 2F
1-2: Foul Ball, location: 2F
1-2: Ball
2-2: Strikes out swinging
Batting: RHB Aaron Moore 0-0: Called Strike
0-1: Ball
1-1: Ball
2-1: Swinging Strike
2-2: Foul Ball, location: 2F
2-2: Strikes out swinging
Batting: RHB Ron Corn 0-0: Swinging Strike
0-1: SINGLE (Groundball, 56D, EV 108.1 MPH)
Batting: RHB Andrew Clarke 0-0: Ball
1-0: Ball
2-0: Called Strike
2-1: Fly out, F9 (Flyball, 9S, EV 80.0 MPH)
Bottom of the 4th over - 0 runs, 1 hit, 0 errors, 1 left on base; Lake County 1 - Hickory 4
TOP OF THE 5TH
Lake County Captains batting - Pitching for Hickory Crawdads : LHP Mike Tracy
Batting: RHB Adam McMillen 0-0: Ball
1-0: Swinging Strike
1-1: Ball
2-1: Swinging Strike
2-2: Ball
3-2: Strikes out swinging
Batting: RHB Kenzo Shinoda 0-0: Called Strike
0-1: Foul Ball, location: 2F
0-2: Ball
1-2: Fly out, F9 (Flyball, 89M, EV 88.8 MPH)
Batting: RHB Josh Patterson 0-0: Called Strike
0-1: Ball
1-1: Ball
2-1: Ball
3-1: Foul Ball, location: 2F
3-2: Base on Balls
Batting: RHB Danny Anderson 0-0: Foul Ball, location: 2F
0-1: Ball
1-1: Fly out, F3 (Popup, 3SF, EV 78.8 MPH)
Top of the 5th over - 0 runs, 0 hits, 0 errors, 1 left on base; Lake County 1 - Hickory 4
BOTTOM OF THE 5TH
Hickory Crawdads batting - Pitching for Lake County Captains : LHP Tim Fried
Batting: RHB Jarrod Joyce 0-0: Called Strike
0-1: Ball
1-1: Ball
2-1: Foul Ball, location: 2F
2-2: Fly out, F9 (Flyball, 9D, EV 88.1 MPH)
Batting: SHB Quido van Erp 0-0: Ball
1-0: Ball
2-0: Foul Ball, location: 2F
2-1: Called Strike
2-2: Ground out 5-3 (Groundball, 5, EV 87.5 MPH)
Batting: RHB Dave Brabo 0-0: Ball
1-0: Fly out, F7 (Flyball, 7, EV 73.1 MPH)
Bottom of the 5th over - 0 runs, 0 hits, 0 errors, 0 left on base; Lake County 1 - Hickory 4
TOP OF THE 6TH
Lake County Captains batting - Pitching for Hickory Crawdads : LHP Mike Tracy
Batting: SHB Justin Veatch 0-0: Ball
1-0: Ground out 1-3 (Groundball, 15S, EV 70.0 MPH)
Batting: RHB Jose Valtierra 0-0: Ball
1-0: Ball
2-0: Ball
3-0: Base on Balls
Batting: RHB Willie Gonzales 0-0: Called Strike
0-1: Foul Ball, location: 2F
0-2: Grounds into double play, 6-4-3 (Groundball, 6S, EV 81.9 MPH)
Top of the 6th over - 0 runs, 0 hits, 0 errors, 0 left on base; Lake County 1 - Hickory 4
BOTTOM OF THE 6TH
Hickory Crawdads batting - Pitching for Lake County Captains : LHP Tim Fried
Batting: RHB Zach Thomason 0-0: Ball
1-0: SINGLE (Flyball, 7LS, EV 100.6 MPH)
Batting: LHB Lee Gerken 0-0: Ball
1-0: Foul Ball, location: 2F
1-1: Called Strike
1-2: SINGLE (Flyball, 78S, EV 96.2 MPH)
Zach Thomason to second
Batting: RHB Zach Koblinski 0-0: Foul Ball, location: 2F
0-1: Foul Ball, location: 2F
0-2: Ball
1-2: Foul Ball, location: 2F
1-2: Grounds into double play, 6-4-3 (Groundball, 6M, EV 92.5 MPH)
Zach Thomason to third
Batting: RHB Aaron Moore 0-0: Ball
1-0: Called Strike
1-1: Ball
2-1: Foul Ball, location: 2F
2-2: Foul Ball, location: 2F
2-2: Ground out U3 (Groundball, 34, EV 91.2 MPH)
Bottom of the 6th over - 0 runs, 2 hits, 0 errors, 1 left on base; Lake County 1 - Hickory 4
TOP OF THE 7TH
Lake County Captains batting - Pitching for Hickory Crawdads : LHP Mike Tracy
Batting: RHB Carlos Salazar 0-0: Ground out 6-3 (Groundball, 6, EV 76.9 MPH)
Batting: LHB Aaron Caron 0-0: Called Strike
0-1: Foul Ball, location: 2F
0-2: Ball
1-2: Strikes out swinging
Batting: RHB Adam McMillen 0-0: SOLO HOME RUN (Flyball, 8RXD, EV 111.9 MPH), Distance : 445 ft
Batting: RHB Kenzo Shinoda 0-0: Swinging Strike
0-1: Called Strike
0-2: Ball
1-2: Ball
2-2: Strikes out looking
Top of the 7th over - 1 run, 1 hit, 0 errors, 0 left on base; Lake County 2 - Hickory 4
BOTTOM OF THE 7TH
Hickory Crawdads batting - Pitching for Lake County Captains : LHP Tim Fried
Pitching: LHP Dennis French
Batting: RHB Ron Corn 0-0: Called Strike
0-1: Ball
1-1: Swinging Strike
1-2: Foul Ball, location: 2F
1-2: Ball
2-2: Foul Ball, location: 2F
2-2: Foul Ball, location: 2F
2-2: Foul Ball, location: 2F
2-2: Strikes out looking
Batting: RHB Andrew Clarke 0-0: Fly out, F8 (Flyball, 8LXD, EV 92.5 MPH)
Batting: RHB Jarrod Joyce 0-0: Ball
1-0: Foul Ball, location: 2F
1-1: Called Strike
1-2: Foul Ball, location: 2F
1-2: Ball
2-2: SINGLE (Groundball, 4MD, EV 103.8 MPH)
Batting: SHB Quido van Erp 0-0: Called Strike
0-1: SINGLE (Flyball, 89S, EV 96.2 MPH)
Jarrod Joyce to second
Runner from 2nd tries for 3rd, SAFE, throw by RF made to third
Batting: RHB Dave Brabo 0-0: Swinging Strike
0-1: Called Strike
0-2: Foul Ball, location: 2F
0-2: Ball
1-2: Strikes out swinging
Bottom of the 7th over - 0 runs, 2 hits, 0 errors, 2 left on base; Lake County 2 - Hickory 4
TOP OF THE 8TH
Lake County Captains batting - Pitching for Hickory Crawdads : LHP Mike Tracy
Now in LF: Caleb Domino
Batting: RHB Josh Patterson 0-0: Ball
1-0: Ball
2-0: Ball
3-0: Called Strike
3-1: Base on Balls
Pitching: RHP Miguel Arguello
Batting: LHB Jesus Romero 0-0: Called Strike
0-1: Called Strike
0-2: Foul Ball, location: 2F
0-2: Ball
1-2: Ball
2-2: Foul Ball, location: 2F
2-2: Fly out, F8 (Flyball, 8LD, EV 106.2 MPH)
Batting: SHB Justin Veatch 0-0: Ball
1-0: Ball
2-0: Ball
3-0: Called Strike
3-1: Foul Ball, location: 2F
3-2: Strikes out swinging
Pinch Hitting: LHB Nick Welling 0-0: Ball
1-0: Ball
2-0: Ball
3-0: Called Strike
3-1: Base on Balls
Josh Patterson to second
Pinch Hitting: LHB Frank Hill 0-0: Ball
1-0: Foul Ball, location: 2F
1-1: Ball
2-1: Ball
3-1: Foul Ball, location: 2F
3-2: Fly out, F7 (Flyball, 7D, EV 98.1 MPH)
Top of the 8th over - 0 runs, 0 hits, 0 errors, 2 left on base; Lake County 2 - Hickory 4
BOTTOM OF THE 8TH
Hickory Crawdads batting - Pitching for Lake County Captains : LHP Dennis French
Now at 2B: Chris Fitzgerald
Now at 3B: Jeremy Givens
Batting: RHB Zach Thomason 0-0: Ball
1-0: Ball
2-0: Called Strike
2-1: Foul Ball, location: 2F
2-2: Foul Ball, location: 2F
2-2: SOLO HOME RUN (Flyball, 7LD, EV 105.0 MPH), Distance : 389 ft
Batting: LHB Lee Gerken 0-0: Ball
1-0: Ball
2-0: Foul Ball, location: 2F
2-1: Called Strike
2-2: Ball
3-2: Ground out 5-3 (Groundball, 25, EV 83.1 MPH)
Batting: RHB Zach Koblinski 0-0: Ball
1-0: Foul Ball, location: 2F
1-1: Called Strike
1-2: Foul Ball, location: 2F
1-2: Ball
2-2: Strikes out looking
Batting: RHB Aaron Moore 0-0: Ball
1-0: Called Strike
1-1: Called Strike
1-2: Strikes out looking
Bottom of the 8th over - 1 run, 1 hit, 0 errors, 0 left on base; Lake County 2 - Hickory 5
TOP OF THE 9TH
Lake County Captains batting - Pitching for Hickory Crawdads : RHP Miguel Arguello
Pitching: RHP Johnny Munoz
Batting: RHB Carlos Salazar 0-0: Called Strike
0-1: Ball
1-1: Ground out U3 (Groundball, 34, EV 88.8 MPH)
Batting: LHB Aaron Caron 0-0: Ball
1-0: DOUBLE (Line Drive, 7LM, EV 103.1 MPH)
Batting: RHB Adam McMillen 0-0: DOUBLE (Flyball, 8LXD, EV 100.6 MPH)
Aaron Caron scores
Pinch Hitting: LHB Kazuyoshi Nakamura 0-0: Called Strike
0-1: Ball
1-1: Swinging Strike
1-2: Strikes out swinging
Pinch Hitting: LHB Hirakito Herring 0-0: Ball
1-0: Ball
2-0: Foul Ball, location: 2F
2-1: Ball
3-1: Fly out, F7 (Flyball, 7, EV 83.1 MPH)
Top of the 9th over - 1 run, 2 hits, 0 errors, 1 left on base; Lake County 3 - Hickory 5
Tuesday, March 28th , 2023 - OOTP Baseball 23.10 Build 110